 Dungeon Crawl Stone Soup version 0.24-a0-487-g57318f2ed0 (webtiles) character file.

Game seed: 1548279422549480124

338 Gynju the Conjurer (level 6, -18/45 HPs)
             Began as a Draconian Conjurer on July 11, 2019.
             Demolished by an ogre
             ... wielding a +0 giant club
              (25 damage)
             ... on level 4 of the Dungeon.
             The game lasted 00:05:36 (4857 turns).

Gynju the Conjurer (Draconian Conjurer)             Turns: 4857, Time: 00:05:37

Health: -18/45     AC:  6    Str: 11    XL:     6   Next: 29%
Magic:  1/12       EV: 13    Int: 17    God:
Gold:   234        SH:  0    Dex: 11    Spells: 9/14 levels left

rFire    . . .     SeeInvis .   h - +1 whip (pain)
rCold    . . .     Gourm    .   (no shield)
rNeg     . . .     Faith    .   (armour unavailable)
rPois    .         Spirit   .   (helmet restricted)
rElec    .         Reflect  .   (no cloak)
rCorr    .         Harm     .   (no gloves)
MR       .....                  (no boots)
Stlth    ++........             (no amulet)
HPRegen  0.15/turn              o - +1 ring of evasion
MPRegen  0.13/turn              (no ring)

@: very slightly contaminated
A: unfitting armour, cold-blooded, AC +6
a: no special abilities


You were on level 4 of the Dungeon.
You were hungry.

You visited 1 branch of the dungeon, and saw 4 of its levels.

You collected 234 gold pieces.

Inventory:

Hand Weapons
 h - a +1 whip of pain (weapon)
Jewellery
 o - a +1 ring of evasion (left hand)
Wands
 p - a wand of random effects (26)
 u - a wand of iceblast (7)
Scrolls
 a - a scroll of fear {unknown}
 c - a scroll of enchant armour {unknown}
 d - a scroll of amnesia {unknown}
 e - 4 scrolls of identify {unknown}
 g - 2 scrolls of immolation {unknown}
 j - a scroll of random uselessness {unknown}
 k - 2 scrolls of blinking {unknown}
 m - a scroll of fog {unknown}
 n - 3 scrolls of remove curse {unknown}
 r - 2 scrolls of teleportation {unknown}
 s - a scroll of enchant weapon {unknown}
 t - 2 scrolls of noise {unknown}
Potions
 f - a potion of mutation {unknown}
 i - a potion of curing {unknown}
 l - a potion of agility {unknown}
 q - a potion of degeneration {unknown}
 w - a potion of cancellation {unknown}
Comestibles
 b - 6 rations


   Skills:
 - Level 1.7 Dodging
 - Level 1.7 Stealth
 + Level 4.5 Spellcasting
 + Level 6.1 Conjurations


You had 9 spell levels left.
You knew the following spells:

 Your Spells              Type           Power        Failure   Level  Hunger
a - Magic Dart            Conj           ###.         1%          1    None
b - Iskenderun's Mystic   Conj           ###.....     12%         4    ####...

Your spell library contained the following spells:

 Spells                   Type           Power        Failure   Level  Hunger
 Searing Ray              Conj           ###...       1%          2    ##.....
 Dazzling Spray           Conj/Hex       ##....       13%         3    ###....
 Force Lance              Conj/Tloc      ##......     38%         4    ####...
 Fulminant Prism          Conj/Hex       ##........   38%         4    ####...


Dungeon Overview and Level Annotations

Branches:
Dungeon (4/15)
 Temple: D:4-7

Altars:

Annotations:
D:4 Edmund


Innate Abilities, Weirdness & Mutations

Your plain brown scales are hard. (AC +6)
You cannot fit into any form of body armour.
You are cold-blooded and may be slowed by cold attacks.


Message History

The ogre is heavily wounded.
The ogre hits you with a +0 giant club!!
* * * LOW HITPOINT WARNING * * *
You hit the ogre.
The ogre is severely wounded.
The ogre closely misses you.
You closely miss the ogre.
The ogre is severely wounded.
The ogre closely misses you.
You hit the ogre.
The ogre is almost dead.
The ogre barely misses you.
You barely miss the ogre.
The ogre is almost dead.
The ogre barely misses you.
You hit the ogre.
The ogre is almost dead.
The ogre hits you with a +0 giant club!!
Ouch! That really hurt!
You die...

### ######.##
##.......#################
#.........................
#.........................
#...........##########....
#.........(..# ##(..
#........@#..## ##..
#..>....O.#...# ##.
#........###..## ##
#........# #...# #
##......## ##..## #......#
#...# ##....## ##..#
##..## #..## #### ##..#


You could see an ogre.

Vanquished Creatures
  2 scorpions (D:4)
  A centaur skeleton (D:4)
  An iguana (D:4)
  A worker ant (D:4)
  5 adders
  A howler monkey skeleton (D:4)
  An ooze (D:2)
  2 worms (D:2)
  4 dart slugs
  A leopard gecko (D:4)
  8 orcs
  5 giant cockroaches
  13 goblins
  6 hobgoblins
  10 jackals
  A quokka (D:4)
  A ball python (D:2)
  8 bats
  4 frilled lizards
  6 kobolds
  A quokka skeleton (D:4)
  5 rats
87 creatures vanquished.

Notes
Turn   | Place    | Note
-------+----------+-------------------------------------------
     0 | D:1      | Gynju the Draconian Conjurer began the quest for the Orb.
     0 | D:1      | Reached XP level 1. HP: 14/14 MP: 3/3
    52 | D:1      | Reached XP level 2. HP: 7/20 MP: 0/5
   965 | D:1      | Reached XP level 3. HP: 26/26 MP: 4/7
  1597 | D:2      | Reached XP level 4. HP: 23/33 MP: 1/8
  2020 | D:3      | Reached skill level 5 in Conjurations
  2682 | D:3      | Learned a level 4 spell: Iskenderun's Mystic Blast
  3265 | D:3      | Reached XP level 5. HP: 38/38 MP: 5/10
  3977 | D:4      | Noticed an ogre
  3981 | D:4      | Reached XP level 6. HP: 31/45 MP: 0/12
  4096 | D:4      | Reached skill level 6 in Conjurations
  4378 | D:4      | Noticed Edmund
  4857 | D:4      | Demolished by an ogre

Levels and vault maps discovered:
D:1:      tarquinn_simple_flora_water_c, layout_rooms
D:2:      layout_rooms, minmay_misc_feat_doors
D:3:      layout_loops_ring, first_ration
D:4:      layout_cave_pods, nicolae_overflow_hidden_temple, uniq_duvessa,
          uniq_edmund

Skill      XL: |  1  2  3  4  5  6 |
---------------+-------------------+-----
Spellcasting   | 3 4 |  4.5
Conjurations   | 5 6 |  6.1
Dodging        | |  1.7
Stealth        | |  1.7

Action                   |  1- 3 |  4- 6 || total
-------------------------+-------+-------++-------
Melee: Unarmed           |    24 |       ||    24
       Tailslap          |     8 |     6 ||    14
       Whip              |    28 |    28 ||    56
 Cast: Magic Dart        |    72 |   168 ||   240
       Iskenderun's Myst |       |     2 ||     2
  Eat: Chunk             |     3 |     6 ||     9
       Ration            |       |     1 ||     1
Armor: Skin              |    10 |    10 ||    20
Dodge: Dodged            |    42 |    40 ||    82

Table legend:
 A = Non-vault XP
 B = Vault XP
 C = Vault XP percentage of total XP
 D = Non-vault monster count
 E = Vault monster count
 F = Vault count percentage of total count
                 A         B        C        D         E       F
            +---------+---------+-------+---------+---------+-------
      Total |     484 |       0 |   0.0 |      87 |       0 |   0.0
            +---------+---------+-------+---------+---------+-------
        D:1 |      45 |       0 |   0.0 |      24 |       0 |   0.0
        D:2 |      66 |       0 |   0.0 |      17 |       0 |   0.0
        D:3 |      89 |       0 |   0.0 |      35 |       0 |   0.0
        D:4 |     284 |       0 |   0.0 |      11 |       0 |   0.0
            +---------+---------+-------+---------+---------+-------
